cohdb
Replays
Latest Replays
All Replays
Popular Replays
Top Player Replays
Match Explorer
How It Works
Community
CoH3 Stats
Reddit
Sign in to upload your games and track your stats! →
Sign in with Steam
Match 43250152
Unlisted
Match 43250152
Overview
Messages
Build Orders
End
Construct Section Command Post
Selects Indian Artillery Battlegroup
Infantry Section
Infantry Section
Infantry Section
Vickers Machine Gun Team
Construct Platoon Command Post
Selects Valour
Humber Armored Car
Construct Field Infirmary
Royal Engineer Section
Selects Gurkha Rifles Section
Grenade Package
Infantry Training
6-pounder Anti-tank Gun Team
Selects Pillage
Construct Company Command Post
Selects Artillery Saturation
Selects Off-map Airburst Barrage
Off-map Airburst Barrage
Crusader II Medium Tank
Royal Engineer Section
Crusader II Medium Tank
Selects Perimeter Monitor
Off-map Airburst Barrage
Crusader II Medium Tank
Armored Vehicle Training
gztomcat
Trion
0
0
Comments
sign in to comment!
No comments posted yet!